 Dungeon Crawl Stone Soup version 0.28-a0-1555-g9ae15a6949 (webtiles) character file.

Game seed: 13227872009538646071

2 croobank the Stinger (level 1, -1/13 HPs)
             Began as a Formicid Venom Mage on Jan 18, 2022.
             Slain by a hobgoblin (4 damage)
             ... on level 1 of the Dungeon.
             The game lasted 00:00:52 (60 turns).

croobank the Stinger (Formicid Venom Mage)            Turns: 60, Time: 00:00:53

Health: -1/13      AC:  2    Str: 12    XL:     1   Next: 44%
Magic:  2/3        EV: 12    Int: 14    God:
Gold:   0          SH:  0    Dex: 11    Spells: 3/4 levels left

rFire   . . .      SeeInvis +   (no weapon)
rCold   . . .      Faith    .   (no shield)
rNeg    . . .      Spirit   .   a - +0 robe
rPois   .          Reflect  .   (helmet unavailable)
rElec   .          Harm     .   (no cloak)
rCorr   .          Rampage  .   (no gloves)
Will    .....                   (no boots)
Stlth   ++........              (no amulet)
HPRegen 0.04/turn               (no ring)
MPRegen 0.08/turn               (no ring)

@: no status effects
A: permanent stasis, dig shafts and tunnels, antennae 3, four strong arms
a: Dig, Shaft Self


You were on level 1 of the Dungeon.
You visited 1 branch of the dungeon, and saw 1 of its levels.

Inventory:

Armour
 a - a +0 robe (worn)


   Skills:
 + Level 1.8 Dodging
 + Level 2.5 Stealth
 + Level 2.2 Spellcasting
 + Level 1.2 Transmutations
 + Level 4.0 Poison Magic


You had 3 spell levels left.
You knew the following spells:

 Your Spells              Type           Power      Damage    Failure   Level
a - Sting                 Tmut/Pois      32%        1d4       8%          1

Your spell library contained the following spells:

 Spells                   Type           Power      Damage    Failure   Level
 Poisonous Vapours        Pois/Air       14%        N/A       16%         2
 Mephitic Cloud           Conj/Pois/Air  5%         N/A       36%         3
 Olgreb's Toxic Radiance  Pois           12%        N/A       41%         4


Dungeon Overview and Level Annotations

Branches:
Dungeon (1/15)

Altars:


Innate Abilities, Weirdness & Mutations

You cannot be hasted, slowed, berserked, paralysed or teleported.
You can dig through walls and to a lower floor.
You have a pair of large antennae on your head. (SInv)
Your four strong arms can wield two-handed weapons with a shield.


Message History

You hit the rat.
The rat is moderately wounded.
The rat misses you. The goblin hits you but does no damage.
You hit the rat.
You kill the rat!
The goblin misses you.
You barely miss the goblin.
The goblin is moderately wounded.
The goblin barely misses you.
You hit the goblin.
The goblin is severely wounded.
The goblin misses you.
You barely miss the goblin.
The goblin is severely wounded.
The hobgoblin closely misses you. The goblin hits you with a +0 club.
You closely miss the goblin.
The goblin is severely wounded.
The hobgoblin hits you. The goblin hits you but does no damage.
You hit the goblin but do no damage.
The goblin is severely wounded.
The hobgoblin completely misses you. The goblin barely misses you.
You barely miss the goblin.
The goblin is severely wounded.
The hobgoblin barely misses you. The goblin hits you but does no damage.
You hit the goblin.
You kill the goblin!
The hobgoblin hits you.
* * * LOW HITPOINT WARNING * * *
There is a large open door here.
You aren't carrying any potions.
You aren't carrying any scrolls.
There is a large open door here.
The hobgoblin closely misses you.
Casting: Sting (safe; 8% risk of failure)
Confirm with . or Enter, or press ? or * to list all spells.
Aiming: Sting (safe; 8% risk of failure)
Press: ? - help, Shift-Dir - straight line, f - hobgoblin
Aim: a hobgoblin (68% to hit)
The sting misses the hobgoblin.
The hobgoblin hits you.
You die...

#$†.......
+........
#)†......
#...#
##''# #..#
###'§###
#....g.#
#.§≈§§@#
#.§≈§§.#
#......#
###''###
#<.# ####


You could see a hobgoblin.

Vanquished Creatures
  A goblin (D:1)
  A bat (D:1)
  A rat (D:1)
3 creatures vanquished.

Notes
Turn   | Place    | Note
-------+----------+-------------------------------------------
     0 | D:1      | croobank the Formicid Venom Mage began the quest for the
                  | Orb.
     0 | D:1      | Reached XP level 1. HP: 13/13 MP: 3/3
    60 | D:1      | Slain by a hobgoblin

Illustrated notes

Levels and vault maps discovered:
D:1:      lightli_arrival_lavapool, layout_basic, minmay_heptomino_w4

Action                   || total
-------------------------++-------
Melee: Unarmed           ||    14
 Cast: Sting             ||     4
Armor: Robe              ||     7
Dodge: Dodged            ||    13

Table legend: (Time is in decaauts)
 A = Elapsed time spent in this place.
 B = Non-inter-level travel time spent in this place.
 C = Inter-level travel time spent in this place.
 D = Time resting spent in this place.
 E = Time spent auto-exploring this place.
 F = Levels seen in this place.
 G = Mean time per level.
                   A        B        C        D        E       F      G
               +--------+--------+--------+--------+--------+-----+--------+
         Total |     60 |     60 |      0 |      0 |     11 |   1 |   60.0 |
       Dungeon |     60 |     60 |      0 |      0 |     11 |   1 |   60.0 |
               +--------+--------+--------+--------+--------+-----+--------+

Top non-repeatable levels by time:
     D:1: 60 daAuts
